 Dungeon Crawl Stone Soup version 0.17-a0-1719-g1afd5a1 (console) character file.

704 Illiel the Archer (level 7, 48/48 HPs)
             Began as a High Elf Hunter on Aug 27, 2015.
             Quit the game in the Ecumenical Temple.
             The game lasted 00:16:43 (4504 turns).

Illiel the Archer (High Elf Hunter)                 Turns: 4504, Time: 00:16:43

Health: 48/48      AC: 12    Str:  9    XL:     7   Next: 39%
Magic:  8/8        EV: 14    Int: 12    God:
Gold:   198        SH:  0    Dex: 19    Spells: 0 memorised, 6 levels left

rFire  . . .     SeeInvis .     a - +1 shortbow
rCold  . . .     Clarity  .     d - +0 leather armour
rNeg   . . .     SustAt   .     (no shield)
rPois  .         Gourm    .     g - +2 helmet
rElec  .         Spirit   +     (no cloak)
rCorr  .         Warding  .     f - +0 pair of gloves
rMut   .         Stasis   .     (no boots)
MR     +....                    j - amulet of guardian spirit
Stlth  +++.......               (no ring)
                                q - ring of protection from magic

@: somewhat resistant to hostile enchantments, fairly stealthy
A: talons 1, iridescent scales 1, molten scales 1, dopey 1, weak 1
a: no special abilities


You were in the Ecumenical Temple.
You were not hungry.

You visited 2 branches of the dungeon, and saw 7 of its levels.

You collected 198 gold pieces.

Inventory:

Hand weapons
 a - a +1 shortbow (weapon)
 b - a +0 long sword
Missiles
 s - 26 arrows (quivered)
Armour
 d - a +0 leather armour (worn)
 f - a +0 pair of gloves (worn)
 g - a +2 helmet (worn)
Jewellery
 j - an amulet of guardian spirit (around neck)
 q - a ring of protection from magic (left hand)
Scrolls
 h - 2 scrolls of blinking {unknown}
 i - 3 scrolls of amnesia
 k - a scroll of teleportation
 p - a scroll of remove curse
 r - 3 scrolls of identify {unknown}
Potions
 l - a potion of heal wounds
 n - a potion of agility {unknown}
Comestibles
 e - 2 bread rations
 m - a slice of pizza
 o - a royal jelly


   Skills:
 + Level 4.2 Fighting
 * Level 0.0 Long Blades
 * Level 8.6 Bows
 + Level 4.1 Dodging
 + Level 4.6 Stealth


You had 6 spell levels left.
You didn't know any spells.

Dungeon Overview and Level Annotations

Branches:
Dungeon (6/15)             Temple (1/1) D:6

Altars:
Ashenzari
Cheibriados
Dithmenos
Fedhas
Gozag
Kikubaaqudgha
Makhleb
Nemelex Xobeh
Qazlal
Ru
Sif Muna
Trog
Vehumet
Yredelemnul
Zin
The Shining One

Annotations:
D:3 Grinder
D:4 Flubber's ghost, average DESu; Pikel


Innate Abilities, Weirdness & Mutations

You have sharp toenails.
You are partially covered in iridescent scales (AC +4).
You are partially covered in molten scales (AC +1).
You are dopey. (Int -2)
You are weak. (Str -2)


Message History

Found a burning altar of Makhleb and a bloodstained altar of Trog.
Found a glowing silver altar of Zin.
Found an opulent altar of Gozag and an ancient bone altar of Kikubaaqudgha.
Found a shattered altar of Ashenzari.
There is an ancient bone altar of Kikubaaqudgha here.
Found a stormy altar of Qazlal.
Found a blossoming altar of Fedhas.
Found a snail-covered altar of Cheibriados and a basalt altar of Yredelemnul.
Found a sparkling altar of Nemelex Xobeh.
There is a sparkling altar of Nemelex Xobeh here.
Found a sacrificial altar of Ru.
There is a sacrificial altar of Ru here.
There is a burning altar of Makhleb here.
There is a bloodstained altar of Trog here.
All of the chunks of flesh in your inventory have rotted away.
There is a burning altar of Makhleb here.
Partly explored, can't reach some places.
Quiver which item? (- for none, * to show all) (? for menu, Esc to quit)
Okay, then.
Are you sure you want to abandon this character and quit the game? (Confirm with "yes".)

≈≈≈≈≈≈≈≈≈≈≈≈≈∙∙∙≈≈≈≈≈≈≈≈≈
≈≈≈≈≈≈≈≈≈≈≈≈≈∙∙∙≈≈≈≈≈≈≈≈≈
≈≈≈≈≈≈≈≈≈≈≈≈∙∙∙≈≈≈≈≈≈≈≈≈≈
≈≈≈≈≈≈≈≈≈≈≈∙∙∙≈≈≈≈≈≈≈≈≈≈≈
≈≈≈≈≈∙∙∙∙∙∙∙∙∙∙∙≈≈≈≈≈≈≈≈
≈≈≈≈∙∙8∙∙∙<∙∙∙8∙∙≈≈≈≈≈≈≈
≈≈≈≈≈∙∙∙∙∙∙∙∙∙∙∙≈≈≈≈≈≈≈≈
≈≈≈≈≈≈≈∙∙∙≈≈≈≈≈≈≈≈≈≈≈≈≈≈≈
≈≈≈≈≈≈∙∙∙≈≈≈≈≈≈≈≈≈≈≈≈≈≈≈≈
≈≈≈≈≈∙∙∙≈≈≈≈≈≈≈≈≈≈≈≈≈≈≈≈≈
≈≈≈≈≈∙∙∙≈≈≈≈≈≈≈≈≈≈≈≈≈≈≈≈≈
≈≈≈≈≈≈∙∙∙≈≈≈≈≈≈≈≈≈≈≈≈≈≈≈≈
≈≈≈≈≈≈≈∙∙∙≈≈≈≈≈≈≈≈≈≈≈≈≈≈≈
≈≈≈≈∙∙∙∙∙∙∙≈≈≈∙∙∙≈≈≈≈≈≈≈≈
≈≈≈∙∙▄∙∙∙∙∙∙∙∙∙▄∙∙≈≈≈≈≈≈≈
≈≈≈≈∙∙∙∙∙∙▄∙∙∙∙∙∙≈≈≈≈≈≈≈≈
≈≈≈≈∙∙∙≈≈∙∙∙≈≈∙∙@≈≈≈≈≈≈≈≈
≈≈≈≈≈∙∙∙≈≈≈≈≈∙∙∙≈≈≈≈≈≈≈≈≈
≈≈≈≈≈≈∙∙∙≈≈≈∙∙∙≈≈≈≈≈≈≈≈≈≈
≈≈≈≈≈≈∙∙∙∙∙∙∙∙∙≈≈≈≈≈≈≈≈≈≈
≈≈≈≈≈∙∙▄∙∙∙∙∙▄∙∙≈≈≈≈≈≈≈≈≈
≈≈≈≈≈≈∙∙∙∙∙∙∙∙∙≈≈≈≈≈≈≈≈≈≈
≈≈≈≈≈≈≈≈∙∙▄∙∙≈≈≈≈≈≈≈≈≈≈≈
≈≈≈≈≈≈≈≈≈∙∙∙≈≈≈≈≈≈≈≈≈≈≈≈
≈≈≈≈≈≈≈≈≈≈≈≈≈≈≈≈≈≈≈≈≈≈≈
≈≈≈≈≈≈≈≈≈≈≈≈≈≈≈≈≈≈≈≈≈≈≈
≈≈≈≈≈≈≈≈≈≈≈≈≈≈≈≈≈≈≈≈≈≈≈
≈≈≈≈≈≈≈≈≈≈≈≈≈≈≈≈≈≈≈≈≈≈≈
≈≈≈≈≈≈≈≈≈≈≈≈≈≈≈≈≈≈≈≈≈≈
≈≈≈≈≈≈≈≈≈≈≈≈≈≈≈≈≈≈≈
≈≈≈≈≈≈≈≈≈≈≈≈≈≈≈≈≈


There were no monsters in sight!

Vanquished Creatures
  An ogre (D:4)
  A wight (D:6)
  A crimson imp (D:5)
  A jelly (D:5)
  A giant frog zombie (D:4)
  An iguana (D:4)
  A giant frog skeleton (D:5)
  3 orc priests
  5 worker ants
  Terence (D:3)
  3 orc wizards
  A hound zombie (D:5)
  2 adders
  A shadow imp (D:5)
  2 worms
  10 orcs
  2 ball pythons
  6 hobgoblins
  5 jackals
  3 kobolds
  4 quokkas
  6 bats
  8 giant newts
  6 goblins
  A quokka skeleton (D:4)
  6 rats
82 creatures vanquished.

Vanquished Creatures (others)
  A hound (D:5)
  An orc (D:3)
2 creatures vanquished.

Grand Total: 84 creatures vanquished

Notes
Turn   | Place    | Note
--------------------------------------------------------------
     0 | D:1      | Illiel the High Elf Hunter began the quest for the Orb.
     0 | D:1      | Reached XP level 1. HP: 14/14 MP: 2/2
   491 | D:1      | Reached XP level 2. HP: 19/19 MP: 3/3
   828 | D:2      | Found a deep blue altar of Sif Muna.
   953 | D:2      | Reached XP level 3. HP: 25/25 MP: 4/4
  1313 | D:2      | Reached skill level 6 in Bows
  1545 | D:2      | Found a radiant altar of Vehumet.
  1804 | D:3      | Noticed Grinder
  1959 | D:4      | Reached XP level 4. HP: 22/30 MP: 5/5
  1990 | D:4      | Found a glowing golden altar of the Shining One.
  2070 | D:4      | Noticed an ogre
  2073 | D:4      | Killed an ogre
  2073 | D:4      | Reached XP level 5. HP: 36/36 MP: 6/6
  2121 | D:4      | Reached skill level 7 in Bows
  2204 | D:4      | Noticed Flubber's ghost (average DESu)
  2259 | D:3      | Noticed Terence
  2266 | D:3      | Killed Terence
  2384 | D:3      | Found a shadowy altar of Dithmenos.
  2437 | D:3      | Reached XP level 6. HP: 37/42 MP: 7/7
  2747 | D:5      | Entered Level 5 of the Dungeon
  3189 | D:4      | Noticed Pikel
  3189 | D:4      | Noticed a slave
  3189 | D:4      | Noticed a slave
  3189 | D:4      | Noticed a slave
  3496 | D:5      | Gained mutation: You have sharp toenails. [potion of mutation]
  3496 | D:5      | Gained mutation: You are partially covered in molten scales (AC +1). [potion of mutation]
  3496 | D:5      | Gained mutation: You are dopey. (Int -2) [potion of mutation]
  3496 | D:5      | Reached skill level 8 in Bows
  3498 | D:5      | Reached XP level 7. HP: 24/47 MP: 8/8
  3545 | D:5      | Gained mutation: You are weak. (Str -2) [potion of mutation]
  3545 | D:5      | Gained mutation: You are partially covered in iridescent scales (AC +4). [potion of mutation]
  4296 | D:6      | Found a staircase to the Ecumenical Temple.
  4305 | Temple   | Entered the Ecumenical Temple
  4504 | Temple   | Quit the game

Vault maps used:
D:1:      denvon_arrival_waterhouse
D:2:      lemuel_doored_altar, old_standard_altar
D:3:      nicolae_dithmenos_shadow_blocks, minmay_misc_feat_room, uniq_terence,
          uniq_grinder
D:4:      first_bread, roderic_roman_lattice, serial_bayou_lagoon_a,
          tso_metal_star, uniq_pikel
D:6:      gammafunk_temple_overflow_elements,
          minmay_temple_entry_statues_pillars
Temple:   eino_temple_water_12

Action                   |  1- 3 |  4- 6 |  7- 9 || total
-------------------------+-------+-------+-------++-------
Melee: Shortbow          |       |     1 |       ||     1
       Short sword       |       |       |    19 ||    19
 Fire: Shortbow          |   104 |   146 |    56 ||   306
  Use: Scroll            |     4 |     1 |       ||     5
       Potion            |       |     2 |     3 ||     5
  Eat: Chunk             |     2 |     4 |     3 ||     9
       Pizza             |       |       |     1 ||     1
